 Dungeon Crawl Stone Soup version 0.17.0-24-gcfadda4 (console) character file.

94269 Kramin the Unseen (level 15, -3/69 HPs)
             Began as a Felid Transmuter on Nov 18, 2015.
             Was the Champion of Ru.
             Killed from afar by a shock serpent (25 damage)
             ... with an electric aura
             ... on level 1 of the Snake Pit.
             The game lasted 02:24:29 (41344 turns).

Kramin the Unseen (Felid Transmuter)               Turns: 41344, Time: 02:24:29

Health: -3/69      AC:  5    Str:  6    XL:     15   Next: 63%
Magic:  3/21       EV: 42    Int: 15    God:    Ru [******]
Gold:   1572       SH:  0    Dex: 23    Spells: 6 memorised, 2 levels left
                                        Lives:  0   Deaths: 4

rFire  . . .     SeeInvis +       - Unarmed
rCold  + . .     Clarity  .     (armour unavailable)
rNeg   . . .     SustAt   .     (shield unavailable)
rPois  .         Gourm    .     (helmet unavailable)
rElec  .         Spirit   .     (cloak unavailable)
rCorr  .         Warding  .     (gloves unavailable)
rMut   .         Stasis   .     (boots unavailable)
MR     +++..                    f - amulet of rage
Stlth  +++++++...               j - ring of protection from magic
                                (ring unavailable)

@: lethally poisoned (-3 -> -12), exhausted, blade paw, phasing, drained, quick,
extremely resistant to hostile enchantments, extremely stealthy
A: no armour, no weapons or thrown items, claws 1, fangs 3, slimy green scales
1, see invisible, carnivore 3, speed 1, low mp 1, shaggy fur 3, slow
regeneration 1, slow metabolism 1, missing a hand, hated by all, no fire magic,
no hexes magic, no summoning magic, (sharp paws), missing an eye
a: End Transformation, Draw Out Power, Power Leap, Apocalypse, Renounce
Religion, Evoke Berserk Rage


You were on level 1 of the Snake Pit.
You worshipped Ru.
Ru was exalted by your worship.
You were not hungry.
You had blades for front paw.
You visited 5 branches of the dungeon, and saw 29 of its levels.
You also visited: Labyrinth and Ice Cave.

You collected 3334 gold pieces.
You spent 1762 gold pieces at shops.

Inventory:

Jewellery
 e - an uncursed ring of fire
 f - an amulet of rage (around neck)
 g - a cursed ring of teleportation
 j - a ring of protection from magic (right scythe-like blade)
 l - an uncursed ring of protection from cold
 H - an uncursed amulet of regeneration
Wands
 a - a wand of lightning (6)
 m - a wand of digging (20)
 q - a wand of paralysis (11)
 r - a wand of fire (5)
 I - a wand of digging (13)
Scrolls
 n - a scroll of fear
 t - 4 scrolls of recharging
 u - 8 scrolls of remove curse
 w - 8 scrolls of teleportation
 Q - 2 scrolls of amnesia
 S - a scroll of blinking
 T - a scroll of fog
 V - a scroll of silence
Potions
 d - 2 potions of heal wounds
 i - 8 potions of curing
 p - 2 potions of magic
 x - 3 potions of flight
 A - a potion of resistance
 D - 3 potions of haste
 E - 3 potions of agility
 F - 3 potions of might
 G - a potion of brilliance
 L - 2 potions of cancellation
 R - a potion of ambrosia
 U - 2 potions of lignification
 W - a potion of cure mutation
Books
 b - a book of Changes

   Spells                             Type                      Level
   a - Beastly Appendage              Transmutation                1
   b - Sticks to Snakes               Transmutation                2
   c - Spider Form                    Transmutation/Poison         3
   d - Ice Form                       Ice/Transmutation            4
   e - Blade Hands                    Transmutation                5
 s - a book of the Warp

   Spells                             Type                      Level
   a - Recall                         Summoning/Translocation      3
   b - Gell's Gravitas                Hexes/Translocation          3
   c - Force Lance                    Conjuration/Translocation    4
   d - Phase Shift                    Translocation                5
   e - Warp Weapon                    Charms/Translocation         5
   f - Summon Forest                  Summoning/Translocation      5
 v - an Akashic Record

   Spells                             Type                      Level
   a - Dispersal                      Translocation                6
   b - Malign Gateway                 Summoning/Translocation      7
   c - Disjunction                    Translocation                8
   d - Controlled Blink               Translocation                8
 y - a book of Party Tricks

   Spells                             Type                      Level
   a - Summon Butterflies             Summoning                    1
   b - Apportation                    Translocation                1
   c - Tukima's Dance                 Hexes                        3
   d - Alistair's Intoxication        Transmutation/Poison         4
   e - Invisibility                   Hexes                        6
 B - a book of Conjurations

   Spells                             Type                      Level
   a - Magic Dart                     Conjuration                  1
   b - Searing Ray                    Conjuration                  2
   c - Dazzling Spray                 Conjuration/Hexes            3
   d - Fulminant Prism                Conjuration/Hexes            4
   e - Iskenderun's Mystic Blast      Conjuration                  4
   f - Iskenderun's Battlesphere      Conjuration/Charms           5
 K - a book of Flames

   Spells                             Type                      Level
   a - Flame Tongue                   Conjuration/Fire             1
   b - Throw Flame                    Conjuration/Fire             2
   c - Conjure Flame                  Conjuration/Fire             3
   d - Inner Flame                    Hexes/Fire                   3
   e - Sticky Flame                   Conjuration/Fire             4
   f - Fireball                       Conjuration/Fire             5
 M - a book of Enchantments

   Spells                             Type                      Level
   a - Cause Fear                     Hexes                        4
   b - Silence                        Hexes/Air                    5
   c - Deflect Missiles               Charms/Air                   6
   d - Haste                          Charms                       6
   e - Discord                        Hexes                        8
 Z - a book of Battle

   Spells                             Type                      Level
   a - Infusion                       Charms                       1
   b - Shroud of Golubria             Charms/Translocation         2
   c - Song of Slaying                Charms                       2
   d - Spectral Weapon                Hexes/Charms                 3
   e - Regeneration                   Charms/Necromancy            3
Miscellaneous
 O - a lamp of fire
Comestibles
 c - 16 meat rations
 h - 6 slices of pizza
 o - 9 beef jerkies
 N - 7 royal jellies


   Skills:
 - Level 10.1(8.7) Fighting
 - Level 15.6(14.1) Dodging
 + Level 17.9(16.3) Stealth
 * Level 15.6(14.1) Unarmed Combat
 - Level 5.1(4.0) Spellcasting
 + Level 7.2(5.9) Charms
 - Level 3.1(2.0) Necromancy
 - Level 11.0(9.6) Translocations
 - Level 11.2(9.8) Transmutations
 - Level 4.0(2.9) Evocations


You had 2 spell levels left.
You knew the following spells:

 Your Spells              Type           Power        Failure   Level  Hunger
a - Blade Hands           Trmt           ####......   50%         5    ######.
b - Blink                 Tloc           N/A          12%         2    ##.....
g - Apportation           Tloc           ####......   12%         1    None
h - Haste                 Chrm           ###.....     100%        6    #######
q - Phase Shift           Tloc           ####......   50%         5    ######.
r - Regeneration          Chrm/Necr      ###.......   50%         3    ###....


Dungeon Overview and Level Annotations

Branches:
Dungeon (15/15)            Temple (1/1) D:7            Lair (8/8) D:11
 Shoals (0/4) Lair:3        Snake (1/4) Lair:3        Slime (0/6) Lair:8
    Orc (4/4) D:9             Elf (0/3) Orc:4        Vaults (0/5) D:14
 Depths (0/5) D:15

Altars:
Ashenzari
Cheibriados
Dithmenos
Elyvilon
Fedhas
Gozag
Kikubaaqudgha
Makhleb
Nemelex Xobeh
Okawaru
Qazlal
Ru
Sif Muna
Trog
Vehumet
Xom
Yredelemnul
Zin
The Shining One
Jiyva

Shops:
D:4 (   D:13 [   D:15 }   Orc:1 [   Orc:4 *[*:(

Annotations:
Lair:6 exclusion: 3 oklob plants


Innate Abilities, Weirdness & Mutations

You cannot wear armour.
You are incapable of wielding weapons or throwing items.
You have sharp claws.
You have razor-sharp teeth.
You have supernaturally acute eyesight.
You are carnivorous and can eat meat at any time.
You cover ground quickly.
Your magical capacity is low (-10% MP).
Your thick and shaggy fur keeps you warm (AC +3, rC+).
You regenerate slowly when monsters are visible.
You have a slow metabolism.
You are missing a hand.
You are hated by all.
You cannot study or cast Fire magic.
You cannot study or cast Hexes magic.
You cannot study or cast Summoning magic.
((Your sharp claws are effective at attacking unaware monsters.))
You are missing an eye, making it more difficult to aim.
You are partially covered in slimy green scales (AC +2).


Message History

Unknown command.
Unknown command.
Read which item? (? for menu, Esc to quit)
Okay, then.
Unknown command.
Unknown command.
Drink which item? (? for menu, Esc to quit)
You feel much better.
You feel sick.
The shock serpent completely misses you.
The greater naga spits poison at you. The splash of poison misses you.
* * * LOW HITPOINT WARNING * * *
The greater naga constricts you.
You reveal the great annihilating truth to your foes!
You kill the shock serpent!
Your Charms skill increases to level 7!
You kill the naga!
You kill the black mamba!
You kill the greater naga!
You feel drained.
The air sparks with electricity!
The lightning shocks you.
You die...

##).....#.#.#)##.##%.##.##.#.#
##.).).##.#.##.##.##.#.##.##.#
#.)...###.##.##.##..##.#.##.##
.....## ##.##.##.####.##.#.##
.....# ##.##.###....##)##.#
.....# ##.##)#########.##)##
.....# #.##.##........##.##
.....# #.#.##....##.###.##
....####.#.#..)†@.#.#..##
.....#.#.#.#..?)..#.#.##
.......#.#.##.[).##.#.#
#......#.##.##..##.##.#
..#....##.##.####)##.##
.###....##.##....##[##
###..#...##.######.###
###..###..##......##.# ##..##
#...########..#


There were no monsters in sight!

Vanquished Creatures
  Frances (D:13)
  A greater naga (Snake:1)
  A ghost moth (shapeshifter) (D:15)
  A fire giant (D:13)
  A stone giant (Orc:4)
  3 ettins (Orc:4)
  A minotaur (Lab)
  Snorg (D:14)
  A vault guard (D:14)
  Josephine (Lair:4)
  Harold (Lair:2)
  7 hydras
  3 naga warriors (Snake:1)
  3 ogre magi
  A centaur warrior (D:14)
  Erica (Lair:2)
  An anaconda (Snake:1)
  7 death yaks
  A titan zombie (D:13)
  5 shock serpents (Snake:1)
  3 naga sharpshooters (Snake:1)
  Urug (D:11)
  A fire crab (Lair:6)
  A death drake (Lair:1)
  A lindwurm (Lair:8)
  6 unseen horrors
  2 naga ritualists (Snake:1)
  20 hill giants
  3 mana vipers (Snake:1)
  2 orc knights
  4 ugly things
  A wolf spider (D:15)
  An orc sorcerer (Orc:2)
  2 griffons (Lair:7)
  A stone giant zombie (D:13)
  9 elephants
  13 cyclopes
  4 salamanders (Snake:1)
  A guardian serpent (Snake:1)
  16 black mambas
  Joseph (D:7)
  6 gargoyles
  2 ice statues (IceCv)
  Psyche (D:8)
  A kobold demonologist (D:15)
  A yaktaur (shapeshifter) (D:13)
  A molten gargoyle (D:13)
  An efreet (D:15)
  14 spiny frogs
  4 fire drakes
  5 naga magi (Snake:1)
  A spriggan druid (Lair:8)
  8 trolls
  3 two-headed ogres
  12 komodo dragons
  A freezing wraith (D:14)
  10 polar bears
  Prince Ribbit (D:8)
  A harpy skeleton (D:15)
  16 blink frogs
  5 blue devils (IceCv)
  5 slime creatures
  A deep elf mage (D:14)
  6 wraiths
  5 redbacks (Lair:8)
  3 trapdoor spiders
  44 yaks
  14 spriggans
  A wyvern (D:14)
  3 basilisks
  A hill giant zombie (D:13)
  4 vampire mosquitoes (D:14)
  29 wolves
  2 hungry ghosts
  8 wargs
  Menkaure (D:7)
  3 mottled dragons
  7 hippogriffs
  A soldier ant (D:11)
  10 porcupines
  Duvessa (D:7)
  26 nagas
  2 necrophages
  4 wasps
  17 orc warriors
  16 ogres
  5 black bears
  2 sky beasts
  12 water moccasins
  4 ice beasts
  5 phantoms
  14 centaurs
  18 giant frogs
  11 crocodiles
  5 big kobolds
  A cyclops zombie (D:13)
  3 scorpions
  An earth elemental (Lab)
  A wyvern skeleton (D:10)
  Dowan (D:7)
  8 wights
  18 killer bees
  7 centaur zombies
  A lava snake (D:13)
  10 crimson imps
  A giant frog zombie (D:13)
  3 hounds
  12 jellies
  19 orc priests
  A quasit (D:10)
  Ijyb (D:2)
  6 giant frog skeletons
  6 hell rats (Lair:6)
  31 orc wizards
  4 centaur skeletons
  8 iguanas
  7 worker ants
  4 sheep (Lair:8)
  A hound zombie (D:9)
  3 worker ant zombies
  7 adders
  10 gnolls
  5 shadow imps
  60 river rats
  9 white imps (IceCv)
  2 ufetubi (IceCv)
  3 oozes
  2 adder skeletons (D:5)
  5 giant geckos
  184 orcs
  2 ball pythons
  10 bats
  4 giant cockroaches
  11 hobgoblins
  7 quokkas
  A giant gecko zombie (D:5)
  10 giant newts
  6 goblins
  9 jackals
  2 jackal skeletons
  50 kobolds
  A quokka skeleton (D:4)
  22 rats
  8 fungi (Lair:8)
  4 plants
1111 creatures vanquished.

Vanquished Creatures (others)
  2 black mambas
  A two-headed ogre (D:15)
  A yak (D:13)
  A warg (D:13)
  An orc priest (Orc:4)
  An iguana (Lair:3)
  3 white imps (IceCv)
  An ufetubus (IceCv)
  3 orcs
  A kobold (D:13)
  A rat (Lair:6)
  A bush (Lair:8)
  108 fungi
  37 plants
162 creatures vanquished.

Grand Total: 1273 creatures vanquished

Notes
Turn   | Place    | Note
--------------------------------------------------------------
     0 | D:1      | Kramin the Felid Transmuter began the quest for the Orb.
     0 | D:1      | Reached XP level 1. HP: 9/9 MP: 4/4
   330 | D:1      | Reached XP level 2. HP: 6/12 MP: 4/6
   961 | D:2      | Reached skill level 4 in Unarmed Combat
  1025 | D:2      | Noticed Ijyb
  1029 | D:2      | Reached XP level 3. HP: 15/15 MP: 7/7
  1035 | D:2      | Killed Ijyb
  1060 | D:2      | Reached skill level 5 in Unarmed Combat
  1060 | D:2      | Reached XP level 4. HP: 19/19 MP: 6/8
  2268 | D:3      | Reached XP level 5. HP: 16/22 MP: 9/9
  2278 | D:3      | Learned a level 5 spell: Blade Hands
  2397 | D:3      | Reached skill level 1 in Stealth
  2606 | D:3      | Noticed a big kobold
  2606 | D:3      | Noticed a big kobold
  2612 | D:3      | Killed a big kobold
  2614 | D:3      | Killed a big kobold
  2614 | D:3      | Reached skill level 6 in Unarmed Combat
  2614 | D:3      | Reached skill level 1 in Evocations
  2614 | D:3      | Gained mutation: You are covered in thick fur (AC +2). [Felid growth]
  2614 | D:3      | Reached XP level 6. HP: 25/25 MP: 8/10
  2779 | D:3      | Noticed a big kobold
  2789 | D:3      | Killed a big kobold
  3823 | D:4      | Reached XP level 7. HP: 28/28 MP: 9/11
  4055 | D:4      | Found Yruoff's Weapon Shoppe.
  4229 | D:4      | Reached skill level 7 in Unarmed Combat
  4465 | D:5      | Entered Level 5 of the Dungeon
  4569 | D:5      | Reached skill level 5 in Dodging
  5212 | D:5      | Shot with an arrow by a centaur
  5213 | D:5      | Reached XP level 6. HP: -4/25 MP: 10/10
  5371 | D:5      | Reached XP level 7. HP: 21/28 MP: 9/11
  5472 | D:5      | Slain by a centaur
  5473 | D:5      | Reached XP level 6. HP: -1/37 MP: 10/10
  5529 | D:5      | Reached skill level 8 in Unarmed Combat
  6153 | D:6      | Reached XP level 7. HP: 11/29 MP: 9/11
  6639 | D:6      | Reached skill level 9 in Unarmed Combat
  6731 | D:6      | Found a blossoming altar of Fedhas.
  6757 | D:6      | Found an ancient bone altar of Kikubaaqudgha.
  6760 | D:6      | Found a glowing silver altar of Zin.
  6834 | D:6      | Reached XP level 8. HP: 26/34 MP: 12/12
  7032 | D:6      | Found an opulent altar of Gozag.
  7736 | D:7      | Noticed Menkaure
  7744 | D:7      | Killed Menkaure
  7981 | D:7      | Reached skill level 10 in Unarmed Combat
  8179 | D:7      | Noticed Dowan
  8180 | D:7      | Noticed Duvessa
  8189 | D:7      | Killed Dowan
  8194 | D:7      | Killed Duvessa
  8194 | D:7      | Reached XP level 9. HP: 39/39 MP: 11/13
  8411 | D:7      | Found a staircase to the Ecumenical Temple.
  8416 | Temple   | Entered the Ecumenical Temple
  8571 | Temple   | Became a worshipper of Ru the Awakened
  8623 | D:7      | Noticed Joseph
  8631 | D:7      | Killed Joseph
  8631 | D:7      | Reached skill level 5 in Fighting
  8730 | D:8      | Found a glowing golden altar of the Shining One.
  8858 | D:8      | Noticed Psyche
  8862 | D:8      | Killed Psyche
  8862 | D:8      | Reached skill level 11 in Unarmed Combat
  9043 | D:8      | Noticed an unseen horror
  9048 | D:8      | Killed an unseen horror
  9388 | D:8      | Noticed Prince Ribbit
  9393 | D:8      | Killed Prince Ribbit
  9393 | D:8      | Reached skill level 5 in Stealth
  9393 | D:8      | Reached XP level 10. HP: 44/44 MP: 14/14
 10055 | D:9      | Gained mutation: You are missing an eye, making it more difficult to aim. [Ru sacrifice]
 10055 | D:9      | Reached * piety under Ru
 10176 | D:9      | Found a staircase to the Orcish Mines.
 10611 | D:9      | Reached skill level 10 in Dodging
 11541 | D:10     | Entered Level 10 of the Dungeon
 11607 | D:10     | Noticed a hill giant
 11615 | D:10     | Killed a hill giant
 11688 | D:10     | Reached skill level 12 in Unarmed Combat
 12674 | D:10     | Reached XP level 11. HP: 27/48 MP: 15/15
 13475 | D:11     | Noticed an unseen horror
 13479 | D:11     | Killed an unseen horror
 13559 | D:11     | Reached skill level 10 in Stealth
 13712 | D:11     | Gained mutation: You are missing a hand. [Ru sacrifice]
 13712 | D:11     | Reached ** piety under Ru
 13712 | D:11     | Reached *** piety under Ru
 13712 | D:11     | Reached **** piety under Ru
 13760 | D:11     | Noticed Urug
 13765 | D:11     | Killed Urug
 14620 | D:11     | Noticed a hill giant
 14638 | D:11     | Killed a hill giant
 14746 | D:11     | Found a staircase to the Lair.
 14827 | Lair:1   | Entered Level 1 of the Lair of Beasts
 14827 | Lair:1   | Found a frozen archway.
 15002 | IceCv    | Entered an ice cave
 15979 | IceCv    | Gained mutation: You are partially covered in slimy green scales (AC +2). [potion of beneficial mutation]
 16383 | IceCv    | Noticed an ice devil
 16535 | Lair:1   | Noticed Nergalle
 16538 | Lair:1   | Noticed Nergalle
 16538 | Lair:1   | Nergalle changed into Nergalle the death drake
 16578 | Lair:1   | Demolished by a spectral orc
 16579 | Lair:1   | Reached XP level 10. HP: -15/69 MP: 14/14
 16661 | Lair:1   | Killed Nergalle the death drake
 16661 | Lair:1   | Reached XP level 11. HP: 49/49 MP: 13/15
 17172 | Lair:2   | Gained mutation: Your magical capacity is low (-10% MP). [Ru sacrifice]
 17219 | Lair:2   | Noticed Erica
 17238 | Lair:2   | Killed Erica
 17238 | Lair:2   | Reached skill level 13 in Unarmed Combat
 17496 | Lair:2   | Noticed Harold
 17506 | Lair:2   | Killed Harold
 18134 | Lair:3   | Found a staircase to the Shoals.
 18339 | Lair:3   | Found a staircase to the Snake Pit.
 18808 | Lair:3   | Gained mutation: Your thick and shaggy fur keeps you warm (AC +3, rC+). [Felid growth]
 18808 | Lair:3   | Reached XP level 12. HP: 35/56 MP: 14/14
 19119 | Lair:3   | Noticed a six-headed hydra
 19272 | Lair:2   | Noticed a six-headed hydra
 19536 | Lair:3   | Gained mutation: You are hated by all. [Ru sacrifice]
 19536 | Lair:3   | Reached ***** piety under Ru
 19615 | Lair:3   | Killed a six-headed hydra
 19688 | Lair:3   | Learned a level 1 spell: Apportation
 20423 | Lair:4   | Noticed Josephine
 20427 | Lair:4   | Killed Josephine
 20749 | Lair:4   | Reached skill level 14 in Dodging
 21053 | Lair:4   | Noticed a five-headed hydra
 21061 | Lair:4   | Killed a five-headed hydra
 21430 | Lair:5   | Found a labyrinth entrance.
 21437 | Lab      | Entered a labyrinth
 21749 | Lab      | Gained mutation: You regenerate slowly when monsters are visible. [Ru sacrifice]
 22544 | Lab      | Noticed a minotaur
 22547 | Lab      | Killed a minotaur
 22550 | Lab      | Got a pitted ivory ring
 22552 | Lab      | Identified the cursed ring "Deofyruv" {Int+4 Dex-3} (You found it in a labyrinth)
 23535 | Lair:5   | Reached XP level 13. HP: 61/61 MP: 15/15
 24556 | Lair:6   | Reached skill level 10 in Fighting
 25437 | Lair:7   | Gained mutation: You cannot study or cast Fire magic. [Ru sacrifice]
 25437 | Lair:7   | Gained mutation: You cannot study or cast Hexes magic. [Ru sacrifice]
 25437 | Lair:7   | Gained mutation: You cannot study or cast Summoning magic. [Ru sacrifice]
 25437 | Lair:7   | Reached ****** piety under Ru
 25920 | Lair:7   | Reached skill level 15 in Dodging
 27246 | Lair:7   | Reached skill level 15 in Stealth
 27459 | Lair:7   | Learned a level 5 spell: Phase Shift
 27770 | Lair:7   | Reached skill level 1 in Translocations
 27777 | Lair:7   | Reached skill level 5 in Transmutations
 27940 | Lair:8   | Entered Level 8 of the Lair of Beasts
 28138 | Lair:8   | Found a glowing golden altar of the Shining One.
 28957 | Lair:8   | Reached XP level 14. HP: 66/66 MP: 16/16
 29167 | Lair:8   | Reached skill level 5 in Translocations
 29335 | Lair:8   | Found a runed door.
 29337 | Lair:8   | Found a viscous altar of Jiyva.
 29338 | Lair:8   | Found a staircase to the Slime Pits.
 29427 | Lair:8   | Reached skill level 15 in Unarmed Combat
 30399 | Lair:2   | Killed a six-headed hydra
 30590 | Orc:1    | Entered Level 1 of the Orcish Mines
 31734 | Orc:2    | Found a burning altar of Makhleb.
 31944 | Orc:1    | Found Cukhlydaed's Antique Armour Emporium.
 32936 | Orc:4    | Entered Level 4 of the Orcish Mines
 33818 | D:13     | Reached skill level 10 in Transmutations
 34041 | D:13     | Found Hiecon's Antique Armour Emporium.
 34254 | D:13     | Found a shimmering altar of Xom.
 34256 | D:13     | Noticed Frances
 34278 | D:13     | Killed Frances
 34891 | D:13     | Reached XP level 15. HP: 69/69 MP: 11/17
 34929 | D:13     | Reached skill level 16 in Stealth
 34931 | D:13     | Noticed a fire giant
 34943 | D:13     | Slain by a fire giant
 34944 | D:13     | Reached XP level 14. HP: -2/66 MP: 5/16
 35470 | D:13     | Killed a fire giant
 36013 | Orc:4    | Found Fenavic's Antique Armour Shoppe.
 36021 | Orc:4    | Found a staircase to the Elven Halls.
 36022 | Orc:4    | Found Lunnox's Assorted Antiques.
 36447 | Orc:4    | Found Weamihel's Book Shop.
 36451 | Orc:4    | Bought a leatherbound book for 270 gold pieces
 36454 | Orc:4    | Learned a level 2 spell: Blink
 36462 | Orc:4    | Bought a book of Enchantments for 700 gold pieces
 36462 | Orc:4    | Bought a book of Battle for 560 gold pieces
 36469 | Orc:4    | Learned a level 6 spell: Haste
 36512 | Orc:4    | Found Utaodith's Antique Weapon Shoppe.
 36684 | Orc:4    | Found Maenukk's General Store.
 36697 | Orc:4    | Bought a cursed ring of teleportation for 232 gold pieces
 36756 | Orc:4    | Reached skill level 10 in Translocations
 37152 | D:14     | Reached skill level 1 in Charms
 37534 | D:14     | Found a gate to the Vaults.
 37747 | D:14     | Noticed Snorg
 37754 | D:14     | Killed Snorg
 37865 | D:15     | Entered Level 15 of the Dungeon
 38329 | D:15     | Found a viscous altar of Jiyva.
 38490 | D:15     | Learned a level 3 spell: Regeneration
 38565 | D:15     | Found Viushovu's Gadget Shoppe.
 38595 | D:15     | Found a staircase to the Depths.
 38595 | D:15     | Noticed a ghost moth
 38598 | D:15     | Reached skill level 17 in Stealth
 38618 | D:15     | Killed a ghost moth
 38618 | D:15     | Reached skill level 1 in Necromancy
 38788 | D:15     | Reached skill level 5 in Spellcasting
 38788 | D:15     | Reached XP level 15. HP: 69/69 MP: 16/21
 39395 | Snake:1  | Entered Level 1 of the Snake Pit
 39771 | Snake:1  | Reached skill level 5 in Charms
 41335 | Snake:1  | Noticed a greater naga
 41344 | Snake:1  | Killed a greater naga
 41344 | Snake:1  | Killed from afar by a shock serpent

Action                   |  1- 3 |  4- 6 |  7- 9 | 10-12 | 13-15 || total
-------------------------+-------+-------+-------+-------+-------++-------
Melee: Unarmed           |    68 |   259 |   252 |   992 |  2275 ||  3846
 Cast: Beastly Appendage |    12 |    21 |    28 |    62 |       ||   123
       Blade Hands       |       |       |       |       |    34 ||    34
       Phase Shift       |       |       |       |       |    25 ||    25
       Regeneration      |       |       |       |       |     3 ||     3
Invok: Sacrifice an Eye  |       |       |       |     1 |       ||     1
       Draw Out Power    |       |       |       |     2 |     4 ||     6
       Sacrifice Essence |       |       |       |     1 |       ||     1
       Sacrifice a Hand  |       |       |       |     1 |       ||     1
       Sacrifice Purity  |       |       |       |     1 |       ||     1
       Sacrifice Love    |       |       |       |     1 |       ||     1
       Apocalypse        |       |       |       |       |     6 ||     6
       Power Leap        |       |       |       |       |     3 ||     3
       Sacrifice Arcana  |       |       |       |       |     1 ||     1
 Abil: Evoke Berserk Rag |     3 |     5 |     9 |    25 |    15 ||    57
Evoke: Wand              |       |       |       |     6 |     2 ||     8
  Use: Potion            |     1 |       |       |    11 |    11 ||    23
       Scroll            |       |     1 |       |    31 |    12 ||    44
 Stab: Sleeping          |     2 |     8 |    14 |    55 |   100 ||   179
       Distracted        |       |       |     1 |     7 |    39 ||    47
       Invisible         |       |       |       |     6 |    18 ||    24
       Paralysed         |       |       |       |     3 |    13 ||    16
  Eat: Chunk             |     9 |    23 |    16 |    52 |    80 ||   180
       Beef jerky        |       |       |       |       |     1 ||     1
